 Dungeon Crawl Stone Soup version 0.21.1-1-g345015f (webtiles) character file.

8598 nulman the Cleaver (level 11, -1/95 HPs)
             Began as a Hill Orc Fighter on June 10, 2018.
             Was a Priest of Beogh.
             Slain by a porcupine (7 damage)
             ... on level 2 of the Lair of Beasts on June 11, 2018.
             The game lasted 02:02:11 (10964 turns).

nulman the Cleaver (Hill Orc Fighter)              Turns: 10964, Time: 02:02:12

Health: -1/95      AC: 15    Str: 22    XL:     11   Next: 33%
Magic:  9/12       EV: 10    Int:  8    God:    Beogh [***...]
Gold:   704        SH: 12    Dex: 11    Spells: 10/10 levels left

rFire    . . .     SeeInvis .   J - +2 falchion (flame)
rCold    + . .     Gourm    .   c - +0 shield
rNeg     . . .     Faith    .   q - +2 leather armour "Zonor" {MR++}
rPois    .         Spirit   .   S - +0 helmet
rElec    .         Reflect  .   I - +0 cloak
rCorr    .         Harm     .   X - +1 pair of gloves
MR       ++...                  a - +0 pair of boots
Stlth    +.........             u - amulet of rage
HPRegen  0.25/turn              H - ring of protection from cold
MPRegen  0.13/turn              G - +3 ring of protection

@: no status effects
A: no striking features
a: Smiting, Renounce Religion, Evoke Berserk Rage


You were on level 2 of the Lair of Beasts.
You worshipped Beogh.
Beogh was most pleased with you.
You were not hungry.

You visited 3 branches of the dungeon, and saw 11 of its levels.

You collected 704 gold pieces.

Inventory:

Hand Weapons
 b - the +5 dagger of Duty {holy, rPois rN++ Int-4 Stlth+}
   (You found it on level 1 of the Lair of Beasts)

   It has been blessed by the Shining One to cause great damage to the undead
   and demons.
   It affects your intelligence (-4).
   It protects you from poison.
   It greatly protects you from negative energy.
   It makes you more stealthy.
 k - a +2 dagger of speed
 B - a +1 hand axe of electrocution
 D - the +7 hand axe "Entouff" {drain, +Fly MR+ Dex-5 Stlth+}
   (You found it on level 4 of the Dungeon)

   A truly terrible weapon, it drains the life of those it strikes.
   It affects your dexterity (-5).
   It affects your resistance to hostile enchantments.
   It lets you fly.
   It makes you more stealthy.
 J - a +2 falchion of flaming (weapon)
 M - a +3 flail of draining
 V - a +0 blowgun
 W - a +2 flail of protection
Missiles
 P - 4 tomahawks
 Z - a javelin (quivered)
Armour
 a - a +0 pair of boots (worn)
 c - a +0 shield (worn)
 q - the +2 leather armour "Zonor" (worn) {MR++}
   (You found it on level 6 of the Dungeon)

   It affects your resistance to hostile enchantments.
 I - a +0 cloak (worn)
 N - a +0 plate armour
 S - a +0 helmet (worn)
 X - a +1 pair of gloves (worn)
Jewellery
 d - an uncursed ring of protection from fire
 u - an amulet of rage (around neck)
 y - an uncursed ring of fire
 C - an uncursed ring of flight
 E - an uncursed ring of protection from fire
 G - a +3 ring of protection (right hand)
 H - a ring of protection from cold (left hand)
 T - an uncursed ring of resist corrosion
 Y - a +1 ring of protection
Wands
 h - a wand of flame (12)
Scrolls
 e - a scroll of amnesia
 g - 2 scrolls of identify
 i - a scroll of random uselessness {unknown}
 j - 3 scrolls of enchant weapon
 l - a scroll of enchant armour {unknown}
 m - 2 scrolls of fog {unknown}
 n - 8 scrolls of remove curse
 o - 3 scrolls of teleportation
 s - a scroll of noise {unknown}
 x - 3 scrolls of fear
 K - a scroll of torment {unknown}
 Q - a scroll of magic mapping {unknown}
Potions
 p - 3 potions of curing
 t - a potion of haste
 v - 2 potions of resistance
 w - a potion of heal wounds
 z - 2 potions of invisibility
 A - 2 potions of flight
 F - 2 potions of agility
 L - a potion of might
 O - 2 potions of lignification
 U - a potion of brilliance
Books
 R - a book of Frost

   Spells                             Type                      Level
   a - Freeze                         Ice                          1
   b - Throw Frost                    Conjuration/Ice              2
   c - Ozocubu's Armour               Charms/Ice                   3
   d - Throw Icicle                   Conjuration/Ice              4
   e - Summon Ice Beast               Ice/Summoning                4
Comestibles
 f - 20 rations


   Skills:
 + Level 8.8 Fighting
 - Level 0.2 Long Blades
 + Level 13.0 Axes
 - Level 4.0 Throwing
 + Level 8.1 Armour
 * Level 9.9 Shields
 + Level 2.4 Invocations
 + Level 2.5 Evocations


You had 10 spell levels left.
You didn't know any spells.

Dungeon Overview and Level Annotations

Branches:
Dungeon (8/15)             Temple (1/1) D:6            Lair (2/6) D:8
  Snake (0/4) Lair:2
  Swamp: Lair:2-4    Shoals: Lair:2-4

Altars:
Ashenzari
Cheibriados
Dithmenos
Elyvilon
Fedhas
Gozag
Hepliaklqana
Kikubaaqudgha
Makhleb
Nemelex Xobeh
Okawaru
Qazlal
Ru
Sif Muna
Trog
Uskayaw
Vehumet
Wu Jian
Xom
Yredelemnul
Zin
The Shining One


Message History

The four-headed hydra bites you but does no damage.
You block the four-headed hydra's attack.
Your orc warrior hits the yak with a club!!
Your orc hits the porcupine with a club.
You lop one of the four-headed hydra's heads off!
The flame cauterises the wound!
You slash the three-headed hydra! You burn the three-headed hydra.
The three-headed hydra is almost dead.
The bullfrog hits you. The porcupine bites you!
* * * LOW HITPOINT WARNING * * *
The bullfrog hits you.
* * * LOW HITPOINT WARNING * * *
The yak gores your orc warrior. The three-headed hydra bites you!
* * * LOW HITPOINT WARNING * * *
You block the three-headed hydra's attack. x2
Your orc knight hits the bullfrog with a mace!!
The bullfrog dies!
Beogh accepts your kill. The porcupine bites you!
You die...

.......... .... ..#..
.....##....
......#..P....!. ...##
......#..#....# #. ..#
#...............#..
.#.#..#........#..#.......
....#..#.......o.Y.Y...#.
♣......[.......PDoY.......
....#..........#@†.....P..
♣...#..........#or#.......
...##..#.#P....#o.#.......
#..#..#...........#.......
# ....#..............#.#.#
. ###..ooo.............##
..##......o.....#### ####
####P...........#
####............#


You could see a three-headed hydra, 3 yaks, a porcupine, 2 friendly orc knights,
a friendly orc warrior and a friendly orc.

Vanquished Creatures
  A hydra (D:8)
  The ghost of Jaiteiro the Spear-Bearer, a novice VSFi of Okawaru (D:7)
  An oklob plant (Lair:1)
  A black mamba (Lair:1)
  2 spiny frogs (Lair:1)
  A komodo dragon (Lair:1)
  Prince Ribbit (D:6)
  2 dream sheep (D:8)
  Sigmund (D:5)
  A wyvern (D:8)
  2 yaks (D:8)
  Menkaure (D:5)
  3 nagas (Lair:2)
  2 water moccasins (Lair:2)
  A porcupine (Lair:1)
  A black bear (D:6)
  An orc warrior (D:7)
  A phantom (D:5)
  3 ogres
  A wolf (D:8)
  4 centaurs
  4 bullfrogs
  3 big kobolds (D:8)
  3 scorpions
  2 electric eels (D:8)
  A wight (D:7)
  A howler monkey (D:8)
  3 crimson imps
  A quasit (D:8)
  6 hounds
  A jelly (D:5)
  3 orc priests
  2 iguanas
  An orc wizard (D:4)
  4 worker ants
  2 hound zombies
  6 adders
  An adder zombie (D:6)
  2 adder skeletons
  3 worms
  3 dart slugs
  2 leopard geckos
  22 orcs
  2 ball pythons
  6 bats
  6 giant cockroaches
  9 goblins
  9 hobgoblins
  11 jackals
  4 quokkas
  6 frilled lizards
  4 kobolds
  3 quokka skeletons
  A quokka zombie (D:5)
  8 rats
  A bush (Lair:1)
  A plant (D:8)
179 creatures vanquished.

Vanquished Creatures (collateral kills)
  The ghost of tyranidshit the Fighter, a journeyman DsAK of Lugonu (Lair:1)
  A spiny frog (Lair:2)
  A komodo dragon (Lair:2)
  A rime drake (Lair:2)
  A troll (D:8)
  A hippogriff (Lair:2)
  3 nagas (Lair:2)
  A water moccasin (Lair:2)
  2 bullfrogs
  3 hounds (D:8)
  2 bushes (Lair:1)
  A fungus (Lair:2)
18 creatures vanquished.

Vanquished Creatures (others)
  An orc warrior (Lair:2)
  A howler monkey (D:4)
  2 orc wizards
  A shadow imp (D:8)
  8 orcs
  A giant cockroach (D:4)
  A ball python skeleton (D:4)
15 creatures vanquished.

Grand Total: 212 creatures vanquished

Notes
Turn   | Place    | Note
-------+----------+-------------------------------------------
     0 | D:1      | nulman the Hill Orc Fighter began the quest for the Orb.
     0 | D:1      | Reached XP level 1. HP: 19/19 MP: 1/1
    65 | D:1      | Reached XP level 2. HP: 21/27 MP: 2/2
   327 | D:1      | Reached skill level 3 in Axes
   548 | D:1      | Reached XP level 3. HP: 33/33 MP: 3/3
  1379 | D:2      | Reached XP level 4. HP: 40/40 MP: 4/4
  1633 | D:2      | Found a radiant altar of Vehumet.
  1721 | D:3      | Found a white marble altar of Elyvilon.
  1780 | D:4      | Became a worshipper of Beogh the Brigand
  2118 | D:3      | HP: 2/40 [orc priest/divine providence (16)]
  2432 | D:3      | Reached skill level 4 in Axes
  2633 | D:3      | Reached XP level 5. HP: 31/46 MP: 5/5
  3279 | D:4      | Found an iron altar of Okawaru.
  3357 | D:4      | Reached skill level 1 in Throwing
  3512 | D:4      | Got an ichor-stained hand axe
  3513 | D:4      | Identified the +7 hand axe "Entouff" {drain, +Fly MR+ Dex-5 Stlth+} (You found it on level 4 of the Dungeon)
  3575 | D:4      | Reached skill level 5 in Axes
  3575 | D:4      | Reached skill level 5 in Armour
  3575 | D:4      | Reached XP level 6. HP: 44/52 MP: 6/6
  3584 | D:4      | Reached * piety under Beogh
  4055 | D:5      | Entered Level 5 of the Dungeon
  4154 | D:5      | Noticed a phantom
  4169 | D:5      | Killed a phantom
  4251 | D:5      | Found a snail-covered altar of Cheibriados.
  4298 | D:5      | Reached XP level 7. HP: 60/60 MP: 7/7
  4414 | D:5      | Reached skill level 6 in Axes
  4414 | D:5      | Reached skill level 1 in Invocations
  4450 | D:5      | Found a bloodstained altar of Trog.
  4478 | D:5      | Found an ancient bone altar of Kikubaaqudgha.
  4480 | D:5      | Found a blossoming altar of Fedhas.
  4547 | D:5      | Noticed Menkaure
  4604 | D:5      | Killed Menkaure
  4604 | D:5      | Reached skill level 7 in Axes
  5121 | D:5      | Reached skill level 5 in Fighting
  5121 | D:5      | Reached XP level 8. HP: 68/68 MP: 9/9
  5183 | D:5      | Noticed Sigmund
  5195 | D:5      | Killed Sigmund
  5195 | D:5      | Reached skill level 5 in Shields
  5332 | D:6      | Got a polished leather armour
  5343 | D:6      | Identified the +2 leather armour "Zonor" {MR++} (You found it on level 6 of the Dungeon)
  5442 | D:6      | Reached ** piety under Beogh
  5510 | D:6      | Reached skill level 8 in Axes
  5544 | D:6      | Found a staircase to the Ecumenical Temple.
  5546 | D:6      | Noticed Prince Ribbit
  5726 | D:6      | Killed Prince Ribbit
  5754 | Temple   | Entered the Ecumenical Temple
  6470 | D:7      | Reached XP level 9. HP: 74/74 MP: 10/10
  6614 | D:7      | Noticed Jaiteiro's ghost (novice VSFi)
  6668 | D:7      | Reached skill level 9 in Axes
  6790 | D:7      | Killed Jaiteiro's ghost
  6998 | D:7      | Reached skill level 10 in Axes
  7162 | D:8      | Found an opulent altar of Gozag.
  7244 | D:8      | Reached skill level 1 in Evocations
  7264 | D:8      | Reached *** piety under Beogh
  7267 | D:8      | Reached XP level 10. HP: 55/84 MP: 11/11
  7304 | D:8      | Noticed a two-headed hydra
  7313 | D:8      | Killed a one-headed hydra
  7313 | D:8      | Reached skill level 11 in Axes
  7670 | D:8      | Found a shadowy altar of Dithmenos.
  7923 | D:8      | Reached skill level 12 in Axes
  7934 | D:8      | Found a staircase to the Lair.
  8505 | Lair:1   | Entered Level 1 of the Lair of Beasts
  8580 | Lair:1   | Noticed tyranidshit's ghost (journeyman DsAK)
  8600 | Lair:1   | Killed tyranidshit's ghost
  8742 | Lair:1   | Noticed an oklob plant
  8890 | Lair:1   | Killed an oklob plant
  8894 | Lair:1   | Noticed a spiny frog
  9035 | Lair:1   | Killed a spiny frog
  9046 | Lair:1   | Got a slimy dagger
  9059 | Lair:1   | Identified the +5 dagger of Duty {holy, rPois rN++ Int-4 Stlth+} (You found it on level 1 of the Lair of Beasts)
  9151 | Lair:1   | Reached XP level 11. HP: 47/94 MP: 12/12
 10196 | Lair:2   | Found a staircase to the Snake Pit.
 10420 | Lair:2   | Reached skill level 13 in Axes
 10953 | Lair:2   | Noticed a six-headed hydra
 10964 | Lair:2   | Slain by a porcupine

Skill      XL: |  1  2  3  4  5  6  7  8  9 10 11 |
---------------+----------------------------------+-----
Axes           | 3 4 5 7 8 10 12 13 | 13.0
Armour         | 4 5 6 7 8 |  8.1
Fighting       | 4 5 6 8 |  8.8
Throwing       | 1 2 3 4 |  4.0
Shields        | 4 5 7 9 |  9.9
Invocations    | 2 |  2.4
Evocations     | 2 |  2.5
Long Blades    | |  0.2

Action                   |  1- 3 |  4- 6 |  7- 9 | 10-12 || total
-------------------------+-------+-------+-------+-------++-------
Melee: War axe           |   113 |   137 |       |       ||   250
       Hand axe          |       |    46 |   172 |   134 ||   352
       Falchion          |       |       |       |     7 ||     7
       Dagger            |       |       |       |    12 ||    12
Throw: Stone             |     6 |       |       |       ||     6
       Javelin           |       |    13 |    23 |    15 ||    51
       Tomahawk          |       |       |     5 |     3 ||     8
Invok: Convert to Beogh  |       |     1 |       |       ||     1
       Smiting           |       |       |       |     1 ||     1
 Abil: Evoke Flight      |       |       |     1 |     1 ||     2
Evoke: Wand              |       |       |       |     3 ||     3
  Use: Potion            |       |     1 |     6 |     2 ||     9
       Scroll            |       |     1 |     7 |     3 ||    11
 Stab: Sleeping          |       |       |       |     1 ||     1
  Eat: Chunk             |     2 |     8 |     7 |     5 ||    22
       Ration            |       |       |     1 |     2 ||     3
Armor: Scale mail        |    57 |    71 |     8 |       ||   136
       Skin              |       |       |     2 |       ||     2
       Leather armour    |       |       |    21 |    48 ||    69
Dodge: Dodged            |    33 |    48 |    40 |    48 ||   169
Block: Shield            |    68 |    84 |    53 |    77 ||   282
